 Dungeon Crawl Stone Soup version 0.22-a0-858-g985ef60 (webtiles) character file.

34445 Kuinu the Warrior (level 13, -5/115 HPs)
             Began as a Minotaur Fighter on July 26, 2018.
             Was a High Priest of Trog.
             Killed from afar by a starcursed mass (13 damage)
             ... with an accursed screaming
             ... on level 1 of the Abyss on July 27, 2018.
             The game lasted 00:52:04 (19017 turns).

Kuinu the Warrior (Minotaur Fighter)               Turns: 19017, Time: 00:52:05

Health: -5/115     AC: 13    Str: 26    XL:     13   Next: 42%
Magic:  2/3        EV:  5    Int:  1    God:    Trog [*****.]
Gold:   1135       SH: 19    Dex: 10    Spells: 12/12 levels left

rFire    + + .     SeeInvis .   J - +4 war axe (antimagic)
rCold    x . .     Gourm    .   R - +0 large shield
rNeg     . . .     Faith    .   C - +0 plate armour
rPois    .         Spirit   .   Q - +2 hat
rElec    .         Reflect  .   Z - +1 cloak of Dim Light {rF+}
rCorr    .         Harm     .   X - +0 pair of gloves
MR       +++..                  (no boots)
Stlth    ..........             S - amulet of rage
HPRegen  1.00/turn              O - ring of protection from magic
MPRegen  0.08/turn              g - ring of fire

@: corroded, berserk cooldown, regenerating, slowed, very slow
A: retaliatory headbutt, horns 2, [blurry vision 2], [dopey 2], [frail 1], [low
mp 2], [inhibited regeneration], [subdued magic 1]
a: Berserk, Trog's Hand, Brothers in Arms, Renounce Religion, Evoke Berserk Rage


You were on level 1 of the Abyss.
You worshipped Trog.
Trog was extremely pleased with you.
You were not hungry.

You visited 3 branches of the dungeon, and saw 17 of its levels.
You visited the Abyss 1 time.
You also visited: Volcano.

You collected 1135 gold pieces.

Inventory:

Hand Weapons
 j - a +2 trident of flaming
 u - a +0 scimitar
 E - a +1 trident of flaming
 J - a +4 antimagic war axe (weapon)
 N - a +5 great sword
Missiles
 I - 7 tomahawks of returning (quivered)
Armour
 b - a scarf of resistance
 C - a +0 plate armour (worn)
 Q - a +2 hat (worn)
 R - a +0 large shield (worn)
 X - a +0 pair of gloves (worn)
 Z - the +1 cloak of Dim Light (worn) {rF+}
   (You found it on level 2 of the Lair of Beasts)

   It protects you from fire.
Jewellery
 g - a ring of fire (right hand)
 s - an uncursed ring of protection from magic
 F - an uncursed ring of see invisible
 O - a ring of protection from magic (left hand)
 S - an amulet of rage (around neck)
Wands
 h - a wand of paralysis (9)
 i - a wand of polymorph (38)
 n - a wand of clouds (6)
 y - a wand of random effects (18)
Scrolls
 e - a scroll of immolation {unknown}
 k - 7 scrolls of remove curse
 l - a scroll of silence {unknown}
 m - 5 scrolls of enchant weapon
 o - 3 scrolls of teleportation {unknown}
 p - 2 scrolls of noise
 t - a scroll of enchant armour {unknown}
 x - a scroll of brand weapon {unknown}
 D - 2 scrolls of fog {unknown}
 G - a scroll of amnesia {unknown}
 H - 3 scrolls of magic mapping
 V - 2 scrolls of random uselessness {unknown}
Potions
 a - a potion of resistance
 d - a potion of magic
 q - 2 potions of ambrosia
 r - a potion of agility
 v - 4 potions of degeneration
 w - 2 potions of flight {unknown}
 z - 2 potions of mutation
 A - 2 potions of brilliance
 B - 2 potions of lignification
 M - 2 potions of invisibility {unknown}
 P - a potion of berserk rage
 U - a potion of might
Comestibles
 f - 22 rations


   Skills:
 * Level 15.7 Fighting
 * Level 15.4 Long Blades
 + Level 11.7 Armour
 + Level 11.9 Shields


You had 12 spell levels left.
You didn't know any spells.
Your spell library contained the following spells:

 Spells                   Type           Power        Failure   Level  Hunger
 Confuse                  Hex            #.......     100%        3    ####...
 Confusing Touch          Hex            #.....       100%        1    ##.....
 Metabolic Englaciation   Hex/Ice        #.........   100%        5    ######.
 Petrify                  Tmut/Erth      #.......     100%        4    #####..
 Gell's Gravitas          Tloc           #.........   100%        3    ####...
 Yara's Violent Unravell  Hex/Tmut       #.........   100%        5    ######.


Dungeon Overview and Level Annotations

Branches:
Dungeon (13/15)            Temple (1/1) D:5            Lair (3/6) D:8
 Shoals (0/4) Lair:3          Orc (0/2) D:12
  Snake: Lair:2-4    Spider: Lair:2-4    Vaults: D:13-14

Altars:
Ashenzari
Cheibriados
Dithmenos
Elyvilon
Fedhas
Gozag
Hepliaklqana
Kikubaaqudgha
Makhleb
Nemelex Xobeh
Okawaru
Qazlal
Ru
Sif Muna
Trog
Uskayaw
Vehumet
Wu Jian
Xom
Yredelemnul
Zin
The Shining One

Annotations:
D:13 Kirke
Lair:3 Sonja


Innate Abilities, Weirdness & Mutations

You reflexively headbutt those who attack you in melee.
You have a pair of horns on your head.
[Scrolls take you longer to read.]
[You are very dopey. (Int -4)]
[You are frail. (-10% HP)]
[Your magical capacity is very low. (-20% MP)]
[You do not regenerate when monsters are visible.]
[Your spells are a little easier to cast, but a little less powerful.]


Message History

The chaos spawn gibbers incoherently in a cacophony of voices.
You block the thrashing horror's attack.
The thrashing horror tramples you.
* * * LOW HITPOINT WARNING * * *
You hold your ground!
Okay, then.
Okay, then.
Evoke which item? (* to show all) (? for menu, Esc to quit)
Aiming: Cloud Cone
Press: ? - help, Dir - move target cursor, f - thrashing horror
Aim: a thrashing horror You create a blast of noxious fumes!
You block the thrashing horror's attack. x2
The thrashing horror tramples you!
* * * LOW HITPOINT WARNING * * *
You hold your ground!
You block the thrashing horror's attack.
The chaos spawn is engulfed in noxious fumes.
A deafening chorus of shrieks assaults your mind!
You die...

#. #. #
###.# # #
#.4XXX###
##.XXX# #
#XX4ยง
##zX###
#. #@.##
#.# #.##
# ###


You could see 7 starcursed masses, a thrashing horror, a rust devil, a chaos
spawn and a flying skull.

Vanquished Creatures
  2 tentacled starspawn (Abyss:1)
  2 hydras (Lair:3)
  Harold (D:11)
  2 two-headed ogres
  A sun demon (Abyss:1)
  Nergalle (Lair:2)
  A hell knight (Volcano)
  A wretched star (Abyss:1)
  An unseen horror (D:11)
  3 ugly things
  2 large abominations (Abyss:1)
  A cyclops (D:12)
  2 black mambas
  3 elephants (Lair:2)
  A merfolk siren (Lair:3)
  3 spiny frogs
  A smoke demon (Volcano)
  2 centaur zombies
  3 gargoyles
  A molten gargoyle (Volcano)
  2 rime drakes (Lair:3)
  An ice devil (Abyss:1)
  A hellwing (Abyss:1)
  3 red devils (Volcano)
  6 trolls
  3 merfolk (Lair:3)
  4 blink frogs (Lair:3)
  A hippogriff (D:10)
  2 wyverns
  2 wraiths
  A human (D:8)
  2 vampires
  A ynoxinul (Abyss:1)
  17 yaks
  5 hogs
  6 fire bats (Volcano)
  A hungry ghost (D:12)
  A steam dragon (D:11)
  2 chaos spawn (Abyss:1)
  3 small abominations (Abyss:1)
  Edmund (D:4)
  2 water moccasins (Lair:1)
  6 porcupines
  3 sky beasts
  6 orc warriors
  An eye of draining (D:11)
  3 black bears
  2 ice beasts
  2 phantoms
  6 ogres
  3 centaurs
  3 crocodiles
  8 bullfrogs
  A water moccasin skeleton (D:7)
  6 scorpions
  10 killer bees
  5 howler monkeys
  4 electric eels
  4 wights (D:12)
  8 crimson imps
  7 starcursed masses (Abyss:1)
  7 lava snakes (Volcano)
  2 bullfrog zombies
  2 quasits
  4 bullfrog skeletons
  Crazy Yiuf (D:4)
  3 hounds
  6 orc priests
  7 jellies
  3 iguanas
  3 centaur skeletons
  8 orc wizards
  3 hell rats (D:7)
  10 worker ants
  A killer bee zombie (D:5)
  2 hound zombies
  A hound skeleton (D:11)
  6 gnolls
  6 river rats (D:7)
  11 adders
  5 shadow imps
  A white imp (Abyss:1)
  A worm (D:2)
  2 dart slugs
  3 leopard geckos
  59 orcs
  2 ball pythons
  8 giant cockroaches
  4 goblins
  6 hobgoblins
  15 jackals
  7 kobolds
  14 quokkas
  4 bats
  2 frilled lizards
  A giant cockroach zombie (D:5)
  A jackal zombie (D:5)
  21 rats
431 creatures vanquished.

Vanquished Creatures (others)
  4 golden eyes (Abyss:1)
  A quokka (D:6)
  6 starspawn tentacles (Abyss:1)
11 creatures vanquished.

Grand Total: 442 creatures vanquished

Notes
Turn   | Place    | Note
-------+----------+-------------------------------------------
     0 | D:1      | Kuinu the Minotaur Fighter began the quest for the Orb.
     0 | D:1      | Reached XP level 1. HP: 19/19 MP: 0/0
    90 | D:1      | Reached XP level 2. HP: 26/27 MP: 1/1
   562 | D:2      | Reached XP level 3. HP: 32/33 MP: 2/2
  1433 | D:3      | Reached XP level 4. HP: 40/41 MP: 3/3
  1496 | D:3      | Reached skill level 5 in Fighting
  1514 | D:3      | Reached XP level 5. HP: 32/48 MP: 4/4
  1561 | D:3      | Noticed a black bear
  1574 | D:3      | Killed a black bear
  1840 | D:3      | Reached XP level 6. HP: 56/56 MP: 5/5
  2317 | D:4      | Reached skill level 5 in Long Blades
  2495 | D:4      | Reached skill level 5 in Armour
  2495 | D:4      | Reached skill level 5 in Shields
  2501 | D:4      | Noticed Edmund
  2507 | D:4      | Killed Edmund
  2507 | D:4      | Reached XP level 7. HP: 64/64 MP: 6/6
  2719 | D:4      | Found a runed door.
  2733 | D:4      | You fall through a shaft!
  2733 | D:5      | Entered Level 5 of the Dungeon
  3090 | D:4      | Noticed Crazy Yiuf
  3097 | D:4      | Killed Crazy Yiuf
  3590 | D:5      | Found a staircase to the Ecumenical Temple.
  3596 | Temple   | Entered the Ecumenical Temple
  3801 | Temple   | Became a worshipper of Trog the Wrathful
  4225 | D:5      | Reached XP level 8. HP: 70/73 MP: 7/7
  4536 | D:6      | Found a white marble altar of Elyvilon.
  4900 | D:6      | Reached * piety under Trog
  5365 | D:7      | HP: 2/75 [hell rat (5)]
  5472 | D:7      | Reached ** piety under Trog
  6151 | D:8      | Upgraded the game from 0.22-a0-848-ge9e22a0 to 0.22-a0-858-g985ef60
  6251 | D:8      | Reached XP level 9. HP: 75/83 MP: 8/8
  6283 | D:8      | Found a staircase to the Lair.
  6974 | D:8      | HP: 1/85 [poisoned by a killer bee]
  7169 | D:8      | Reached *** piety under Trog
  7273 | D:8      | Reached skill level 10 in Fighting
  7885 | D:8      | Reached skill level 10 in Long Blades
  7903 | D:8      | Reached XP level 10. HP: 48/94 MP: 9/9
  8669 | D:9      | Received a gift from Trog
  9564 | D:10     | Entered Level 10 of the Dungeon
  9748 | D:10     | Reached **** piety under Trog
 10131 | D:10     | Found a blossoming altar of Fedhas.
 10669 | D:11     | Noticed an unseen horror
 10680 | D:11     | Killed an unseen horror
 10721 | D:11     | Reached XP level 11. HP: 81/104 MP: 6/10
 10836 | D:11     | Noticed a red ugly thing
 10854 | D:11     | Killed a red ugly thing
 10900 | D:11     | Noticed Harold
 10901 | D:11     | Noticed a two-headed ogre
 10916 | D:11     | Killed a two-headed ogre
 10922 | D:11     | Killed Harold
 12274 | D:12     | Found a staircase to the Orcish Mines.
 12300 | D:12     | Noticed a two-headed ogre
 12326 | D:12     | Killed a two-headed ogre
 12382 | D:12     | Reached skill level 10 in Shields
 12676 | D:12     | Reached ***** piety under Trog
 13020 | D:12     | Noticed a white ugly thing
 13026 | D:12     | Killed a white ugly thing
 13026 | D:12     | Reached skill level 10 in Armour
 13496 | D:12     | Noticed a cyan ugly thing
 14028 | D:13     | Noticed Kirke
 14029 | D:13     | Noticed a death knight
 14205 | Lair:1   | Entered Level 1 of the Lair of Beasts
 14224 | Lair:1   | Found a dark tunnel.
 14235 | Volcano  | Entered a volcano
 14274 | Volcano  | Reached XP level 12. HP: 85/115 MP: 11/11
 14285 | Volcano  | Received a gift from Trog
 14797 | Volcano  | Found a radiant altar of Vehumet.
 16508 | Lair:2   | Noticed Nergalle
 16528 | Lair:2   | Killed Nergalle
 17186 | Lair:2   | Got a slimy cloak
 17197 | Lair:2   | Identified the +1 cloak of Dim Light {rF+} (You found it on level 2 of the Lair of Beasts)
 17489 | Lair:3   | Noticed an eight-headed hydra
 17499 | Lair:3   | Killed an eight-headed hydra
 17637 | Lair:3   | Found a bloodstained altar of Trog.
 17660 | Lair:3   | Noticed a five-headed hydra
 17670 | Lair:3   | Killed a five-headed hydra
 17795 | Lair:3   | Found a staircase to the Shoals.
 17819 | Lair:3   | Reached skill level 15 in Fighting
 18124 | Lair:3   | Reached XP level 13. HP: 119/126 MP: 12/12
 18254 | Lair:3   | Noticed Sonja
 18262 | Lair:3   | Cast into level 1 of the Abyss (Sonja)
 18391 | Abyss:1  | Noticed a tentacled starspawn
 18422 | Abyss:1  | Killed a tentacled starspawn
 18422 | Abyss:1  | Reached skill level 15 in Long Blades
 18994 | Abyss:1  | Noticed a tentacled starspawn
 18995 | Abyss:1  | Noticed a starcursed mass
 19010 | Abyss:1  | Killed a tentacled starspawn
 19014 | Abyss:1  | Paralysed by accursed screaming for 2 turns
 19017 | Abyss:1  | Killed from afar by a starcursed mass

Vault maps used:
D:1:      lightli_arrival_farm
D:2:      first_ration
D:4:      uniq_crazy_yiuf_cottage, uniq_edmund
D:5:      minmay_temple_entry_nine_rooms
D:6:      elyvilon_altar_4
D:7:      lemuel_ratsnest
D:8:      grunt_lair_entry_orc_guard_hut, grunt_livestock
D:10:     cheibrodos_helix_gallery, fedhas_altar_4
D:11:     kennysheep_generic_room_7, uniq_harold
D:13:     serial_shops, kennysheep_little_box, lab_entry_generic, uniq_kirke
Temple:   minmay_crystal_snake_temple
Lair:1:   nicolae_volcano_entry_lava_flow
Lair:2:   serial_bayou_lake_a, uniq_nergalle
Lair:3:   elwin_shoals_entry_stream, basic_altar, uniq_sonja
Volcano:  volcano_grotto

Skill      XL: |  1  2  3  4  5  6  7  8  9 10 11 12 13 |
---------------+----------------------------------------+-----
Fighting       | 4 5 6 7 9 10 12 13 15 | 15.7
Long Blades    | 3 4 5 6 8 10 11 13 14 15 | 15.4
Shields        | 4 5 6 8 9 10 11 | 11.9
Armour         | 4 5 6 7 9 10 11 | 11.7

Action                   |  1- 3 |  4- 6 |  7- 9 | 10-12 | 13-15 || total
-------------------------+-------+-------+-------+-------+-------++-------
Melee: Long sword        |   111 |    84 |   466 |   213 |       ||   874
       Headbutt          |    13 |    21 |   105 |   178 |    47 ||   364
       Scimitar          |       |       |       |   207 |       ||   207
       Great sword       |       |       |       |   285 |     8 ||   293
       Trident           |       |       |       |     7 |       ||     7
       War axe           |       |       |       |       |   159 ||   159
Throw: Tomahawk          |       |       |       |     2 |       ||     2
Invok: Berserk           |       |       |     1 |     4 |     7 ||    12
       Trog's Hand       |       |       |       |     2 |     8 ||    10
Evoke: Wand              |       |       |       |       |     1 ||     1
  Use: Potion            |       |     2 |    13 |     4 |     4 ||    23
       Scroll            |       |       |    10 |    10 |       ||    20
  Eat: Chunk             |     2 |     3 |     8 |    15 |     4 ||    32
       Ration            |       |       |     4 |     9 |     3 ||    16
Armor: Scale mail        |    34 |       |       |       |       ||    34
       Chain mail        |    22 |    44 |     2 |       |       ||    68
       Plate armour      |       |       |   268 |   354 |    73 ||   695
Dodge: Dodged            |    36 |    26 |    94 |   177 |    29 ||   362
Block: Shield            |    46 |    38 |   278 |   194 |       ||   556
       Large shield      |       |       |       |    18 |   180 ||   198
       Rpst.: Long sword |     8 |     4 |    29 |     7 |       ||    48
       Great sword       |       |       |       |    28 |     1 ||    29
       Scimitar          |       |       |       |     6 |       ||     6

Table legend:
 A = Spawn XP
 B = Non-spawn XP
 C = Spawn XP percentage of total XP
 D = Spawn monster count
 E = Non-spawn monster count
 F = Spawn count percentage of total count
 G = Total turns spent on level
                    A         B        C        D         E        F      G
               +---------+---------+-------+---------+---------+-------+---------
         Total |    9155 |   40053 |  18.6 |      18 |     413 |   4.2 | 19017
               +---------+---------+-------+---------+---------+-------+---------
           D:1 |       0 |      36 |   0.0 |       0 |      21 |   0.0 |   525
           D:2 |       0 |      44 |   0.0 |       0 |      16 |   0.0 |   832
           D:3 |       0 |     349 |   0.0 |       0 |      29 |   0.0 |   915
           D:4 |       0 |     544 |   0.0 |       0 |       9 |   0.0 |   954
           D:5 |       0 |     463 |   0.0 |       0 |      18 |   0.0 |   924
           D:6 |       0 |     577 |   0.0 |       0 |      27 |   0.0 |   771
           D:7 |       0 |     652 |   0.0 |       0 |      48 |   0.0 |   969
           D:8 |       0 |    3137 |   0.0 |       0 |      34 |   0.0 |  2291
           D:9 |       0 |    2711 |   0.0 |       0 |      37 |   0.0 |  1195
          D:10 |       0 |    1600 |   0.0 |       0 |      26 |   0.0 |  1106
          D:11 |       0 |    5060 |   0.0 |       0 |      28 |   0.0 |  2030
          D:12 |       0 |    6242 |   0.0 |       0 |      47 |   0.0 |  1431
        Lair:1 |       0 |    2754 |   0.0 |       0 |      13 |   0.0 |  1154
        Lair:2 |       0 |    2913 |   0.0 |       0 |       9 |   0.0 |   983
        Lair:3 |       0 |    7270 |   0.0 |       0 |      23 |   0.0 |   787
       Abyss:1 |    9155 |     727 |  92.6 |      18 |       7 |  72.0 |   755
       Volcano |       0 |    4974 |   0.0 |       0 |      21 |   0.0 |  1133
               +---------+---------+-------+---------+---------+-------+---------
